 Dungeon Crawl Stone Soup version 0.21.0-3-g78d12a8 (webtiles) character file.

110 Flooderbenga the Sneak (level 4, -11/31 HPs)
             Began as an Octopode Abyssal Knight on Jan 9, 2018.
             Was a Believer of Lugonu.
             Killed themself with a badly aimed iceblast (14 damage)
             ... on level 3 of the Dungeon.
             The game lasted 00:13:39 (2641 turns).

Flooderbenga the Sneak (Octopode Abyssal Knight)    Turns: 2641, Time: 00:13:39

Health: -11/31     AC:  1    Str: 11    XL:     4   Next: 91%
Magic:  4/5        EV: 13    Int: 15    God:    Lugonu [**....]
Gold:   60         SH:  0    Dex: 11    Spells: 3/3 levels left

rFire    + . .     SeeInvis .   a - +1 spear
rCold    . . .     Gourm    .   (no shield)
rNeg     . . .     Faith    .   (helmet restricted)
rPois    .         Spirit   .   (no amulet)
rElec    .         Reflect  .   e - ring of protection from fire
rCorr    .         Harm     .   (no ring)
MR       .....                  (no ring)
Stlth    +++.......             (no ring)
HPRegen  0.10/turn              (no ring)
MPRegen  0.09/turn              (no ring)
                                (no ring)
                                (no ring)

@: slowed, very slow
A: almost no armour, stealthy swim, amphibious, 8 rings, constrict 8, camouflage
1, gelatinous body 1
a: Depart the Abyss, Bend Space, Renounce Religion


You were on level 3 of the Dungeon.
You worshipped Lugonu.
Lugonu was pleased with you.
You were not hungry.

You visited 1 branch of the dungeon, and saw 3 of its levels.
You visited the Abyss 1 time.

You collected 60 gold pieces.

Inventory:

Hand Weapons
 a - a +1 spear (weapon)
 n - a cursed -3 dagger
Missiles
 c - 10 javelins (quivered)
 h - 109 stones
 i - 22 sling bullets
 o - 10 poisoned needles
Jewellery
 e - a ring of protection from fire (left tentacle)
Wands
 q - a wand of random effects (14)
Scrolls
 f - 7 scrolls of remove curse {unknown}
 g - 3 scrolls of teleportation {unknown}
 k - a scroll of enchant weapon {unknown}
 p - a scroll of fear {unknown}
Potions
 d - a potion of haste {unknown}
 j - a potion of lignification {unknown}
 l - a potion of might {unknown}
Comestibles
 b - 7 rations
 m - 7 chunks of flesh


   Skills:
 + Level 3.2 Fighting
 - Level 3.1 Polearms
 + Level 2.6 Dodging
 * Level 4.1 Stealth
 + Level 0.9 Unarmed Combat
 - Level 2.0 Invocations


You had 3 spell levels left.
You didn't know any spells.

Dungeon Overview and Level Annotations

Branches:
Dungeon (3/15)

Altars:
Gozag
Sif Muna
Xom


Innate Abilities, Weirdness & Mutations

You cannot wear most types of armour.
You are very stealthy in the water. (Stealth+)
You are amphibious.
You can wear up to eight rings at the same time.
You can use your tentacles to constrict eight enemies at once.
Your skin changes colour to match your surroundings (Stealth+).
Your rubbery body absorbs attacks. (AC +1, EV +1)


Message History

* * * LOW HITPOINT WARNING * * *
Aim: an orc wizard, wielding a dagger and wearing a robe (lightly wounded, fast)
The puff of flame misses the orc wizard.
The puff of flame hits the rat.
You kill the rat!
Lugonu accepts your kill. The orc wizard barely misses you.
The orc wizard hits you with a dagger.
* * * LOW HITPOINT WARNING * * *
You take 3 damage, and have 6/31 hp.
Aim: an orc wizard, wielding a dagger and wearing a robe (lightly wounded, fast)
The bolt of poison misses the orc wizard.
The orc wizard hits you with a dagger.
* * * LOW HITPOINT WARNING * * *
The orc wizard barely misses you. The orc wizard hits you with a dagger.
* * * LOW HITPOINT WARNING * * *
You take 3 damage, and have 3/31 hp.
Aim: an orc wizard, wielding a dagger and wearing a robe (lightly wounded, fast)
The mass of ice explodes!
The iceblast engulfs the orc wizard.
The iceblast engulfs you!
You die...

##.......##
#..(......##.
+†........'.
#..)......#
##.......##
##.....##
##...#########
##o##.......#
########@##.###.#.#
.........##.##.#..#
########.##.#.###.##
##......## ##.##
#......## ##.#
##...#..## ##.##
##.####.###.## #.#
##.#.## #.# ##.##


You could see an orc wizard.

Vanquished Creatures
  A hound (D:2)
  2 adders
  A worm (D:2)
  A dart slug (D:2)
  2 leopard geckos (D:1)
  An orc (D:3)
  A ball python (D:1)
  6 giant cockroaches
  3 hobgoblins
  4 jackals (D:3)
  6 bats
  4 frilled lizards
  8 goblins
  7 kobolds
  6 rats
53 creatures vanquished.

Notes
Turn   | Place    | Note
-------+----------+-------------------------------------------
     0 | Abyss:1  | Flooderbenga the Octopode Abyssal Knight began the quest for the Orb.
     0 | Abyss:1  | Reached XP level 1. HP: 16/16 MP: 2/2
     6 | Abyss:1  | Found a corrupted altar of Lugonu.
   126 | Abyss:1  | Noticed a lich
   209 | Abyss:1  | Noticed a ynoxinul
   676 | Abyss:1  | Noticed a large abomination
   683 | Abyss:1  | Noticed an iron imp
   685 | D:1      | Escaped the Abyss
   793 | D:1      | Reached skill level 1 in Stealth
   881 | D:1      | Reached XP level 2. HP: 18/21 MP: 3/3
   968 | D:1      | Reached * piety under Lugonu
  1042 | D:1      | Reached skill level 2 in Stealth
  1230 | D:1      | Found a shimmering altar of Xom.
  1276 | D:1      | Reached XP level 3. HP: 26/26 MP: 4/4
  1738 | D:2      | Found a deep blue altar of Sif Muna.
  1848 | D:2      | Reached skill level 3 in Stealth
  2176 | D:2      | Reached XP level 4. HP: 31/31 MP: 5/5
  2221 | D:2      | Found an opulent altar of Gozag.
  2436 | D:3      | Reached ** piety under Lugonu
  2436 | D:3      | Reached skill level 4 in Stealth
  2641 | D:3      | Killed themself with a badly aimed iceblast

Skill      XL: |  1  2  3  4 |
---------------+-------------+-----
Stealth        | 1 2 3 4 |  4.1
Polearms       | 3 |  3.1
Fighting       | |  3.2
Dodging        | |  2.6
Unarmed Combat | |  0.9
Invocations    | |  2.0

Action                   |  1- 3 |  4- 6 || total
-------------------------+-------+-------++-------
Melee: Spear             |   102 |    22 ||   124
       Tentacles         |    11 |     6 ||    17
       Constrict         |    18 |     5 ||    23
Throw: Javelin           |     6 |     5 ||    11
Invok: Depart the Abyss  |     1 |       ||     1
       Bend Space        |       |     1 ||     1
Evoke: Wand              |       |     5 ||     5
 Stab: Sleeping          |    15 |     4 ||    19
  Eat: Chunk             |     4 |     1 ||     5
Armor: Skin              |    11 |     2 ||    13
Dodge: Dodged            |    37 |    12 ||    49
